 Dungeon Crawl Stone Soup version 0.25-a0-1113-g0499d652a8 (webtiles) character file.

Game seed: 14678674610998548448, levelgen mode: deterministic

861 Flugslaktarn the Chopper (level 7, 0/66 HPs)
             Began as a Deep Dwarf Fighter on May 16, 2020.
             Was a Follower of Makhleb.
             Slain by a yak (9 damage)
             ... on level 6 of the Dungeon.
             The game lasted 00:02:30 (2865 turns).

Flugslaktarn the Chopper (Deep Dwarf Fighter)       Turns: 2865, Time: 00:02:30

Health: 0/66       AC: 12    Str: 21    XL:     7   Next: 71%
Magic:  7/7        EV:  5    Int:  9    God:    Makhleb [*.....]
Gold:   241        SH: 10    Dex: 12    Spells: 6/6 levels left

rFire    . . .     SeeInvis .   a - +1 war axe
rCold    . . .     Gourm    .   c - +0 kite shield
rNeg     . . .     Faith    .   i - +0 chain mail
rPois    .         Spirit   .   (no helmet)
rElec    .         Reflect  .   s - +1 cloak
rCorr    .         Harm     .   (no gloves)
MR       +....                  (no boots)
Stlth    ..........             (no amulet)
HPRegen  0.00/turn              (no ring)
MPRegen  0.10/turn              (no ring)

@: non-regenerating
A: damage resistance, heal wounds, sense surroundings 1, no regeneration
a: Heal Wounds, Renounce Religion


You were on level 6 of the Dungeon.
You worshipped Makhleb.
Makhleb was aware of your devotion.
You were not hungry.

You visited 2 branches of the dungeon, and saw 7 of its levels.
You also visited: Sewer.

You collected 241 gold pieces.

Inventory:

Hand Weapons
 a - a +1 war axe (weapon)
Armour
 c - a +0 kite shield (worn)
 h - a scarf of invisibility
   (You found it on level 6 of the Dungeon)
 i - a +0 chain mail (worn)
   (You found it on level 2 of the Dungeon)
 s - a +1 cloak (worn)
   (You found it on level 5 of the Dungeon)
Wands
 m - a wand of acid (11)
   (You found it on level 5 of the Dungeon)
Scrolls
 b - a scroll of fear {unknown}
 l - a scroll of fog
 o - a scroll of vulnerability {unknown}
 r - 2 scrolls of identify
 t - a scroll of immolation {unknown}
Potions
 d - a potion of might
 f - 2 potions of flight
 g - a potion of degeneration {unknown}
 j - a potion of haste {unknown}
 k - 4 potions of brilliance
 n - a potion of resistance {unknown}
 p - a potion of magic
 q - 4 potions of curing
 w - 5 potions of heal wounds
Comestibles
 e - 5 rations


   Skills:
 + Level 4.3 Fighting
 * Level 6.3 Axes
 + Level 5.2 Armour
 - Level 5.1 Shields
 + Level 2.8 Invocations


You had 6 spell levels left.
You didn't know any spells.
Your spell library was empty.

Dungeon Overview and Level Annotations

Branches:
Dungeon (6/15)             Temple (1/1) D:4           Sewer (visited)

Altars:
Ashenzari
Cheibriados
Dithmenos
Elyvilon
Fedhas
Gozag
Hepliaklqana
Kikubaaqudgha
Makhleb
Nemelex Xobeh
Okawaru
Ru
Sif Muna
Trog
Uskayaw
Vehumet
Wu Jian
Xom
Yredelemnul
Zin
The Shining One

Shops:
D:5 (

Annotations:
D:6 Prince Ribbit


Innate Abilities, Weirdness & Mutations

You are resistant to damage.
You can heal yourself by infusing magical energy.
You passively map a small area around you.
You do not regenerate.


Message History

You barely miss the yak. You slash the yak!
Your chain mail prevents you from hitting the yak.
The yak gores you. The yak gores you!
Your chain mail prevents you from hitting the yak.
The yak is moderately wounded.
You hit the yak but do no damage. You barely miss the yak.
You block the yak's attack. x2; The yak gores you!
You slash the yak!
The yak is severely wounded.
You barely miss the yak. You hit the yak but do no damage. You slash the yak!
Your shield and chain mail prevent you from hitting the yak.
You block the yak's attack. The yak gores you!
* * * LOW HITPOINT WARNING * * *
You block the yak's attack.
The yak gores you. x2; You block the yak's attack.
The yak gores you.
* * * LOW HITPOINT WARNING * * *
The yak gores you.
* * * LOW HITPOINT WARNING * * *
The yak gores you!
You die...

*
####...####....#
,...#......#..###
..............# ,
,............###
* ##..#..#..###
,, ,
)...#......## ...
##......#
....#.......### ,
......Y@Y.....# ,
#.#...YYY.....# *
*##.).Y......#*
#........#...# *
.........##..##
..........# ###
....##....# #.##
##....* ,


You could see 6 yaks.

Vanquished Creatures
  2 big kobolds (Sewer)
  A scorpion (D:4)
  A hound (D:5)
  A jelly (D:5)
  3 orc wizards
  A gnoll shaman (D:5)
  Natasha (twice) (D:4)
  An iguana (D:4)
  4 worker ants
  A hound skeleton (D:5)
  A worker ant zombie (D:5)
  4 gnolls (D:5)
  8 river rats (Sewer)
  6 adders
  2 shadow imps
  An ooze (Sewer)
  An adder skeleton (D:6)
  A worm (D:4)
  4 leopard geckos
  12 orcs
  3 ball pythons (Sewer)
  7 giant cockroaches
  3 goblins
  2 hobgoblins
  3 jackals (D:4)
  17 kobolds
  4 quokkas
  2 bats
  3 frilled lizards (Sewer)
  16 rats (Sewer)
117 creatures vanquished.

Notes
Turn   | Place    | Note
-------+----------+-------------------------------------------
     0 | D:1      | Flugslaktarn the Deep Dwarf Fighter began the quest for the
                  | Orb.
     0 | D:1      | Reached XP level 1. HP: 20/20 MP: 1/1
   201 | D:2      | Reached XP level 2. HP: 14/27 MP: 2/2
   237 | D:2      | Reached skill level 3 in Axes
   274 | D:2      | Reached XP level 3. HP: 34/34 MP: 3/3
   347 | D:3      | Found a glowing drain.
   370 | Sewer    | Entered a sewer
   396 | Sewer    | Reached XP level 4. HP: 28/42 MP: 4/4
   560 | Sewer    | Reached skill level 4 in Axes
   560 | Sewer    | Reached XP level 5. HP: 36/49 MP: 5/5
   774 | Sewer    | Reached XP level 6. HP: 33/57 MP: 6/6
  1026 | D:4      | Found a staircase to the Ecumenical Temple.
  1042 | Temple   | Entered the Ecumenical Temple
  1320 | Temple   | Became a worshipper of Makhleb the Destroyer
  1422 | D:4      | Reached skill level 5 in Axes
  1561 | D:4      | Noticed Natasha
  1567 | D:4      | Killed Natasha
  1586 | D:4      | Reached skill level 1 in Invocations
  1800 | D:4      | Reached XP level 7. HP: 62/64 MP: 7/7
  1810 | D:4      | Noticed Natasha
  1816 | D:4      | Killed Natasha
  1816 | D:4      | Reached * piety under Makhleb
  1962 | D:5      | Entered Level 5 of the Dungeon
  2183 | D:5      | Reached skill level 5 in Shields
  2190 | D:5      | Reached skill level 5 in Armour
  2255 | D:5      | Found Hekah's Antique Weapon Shoppe.
  2404 | D:5      | Reached skill level 6 in Axes
  2803 | D:6      | Noticed Prince Ribbit
  2858 | D:6      | Noticed a yak
  2858 | D:6      | Noticed a yak
  2859 | D:6      | Noticed a yak
  2859 | D:6      | Noticed a yak
  2859 | D:6      | Noticed a yak
  2860 | D:6      | Noticed a yak
  2865 | D:6      | Slain by a yak

Illustrated notes

Levels and vault maps discovered:
D:1:      roderic_octagonal_star, layout_rooms
D:2:      layout_basic
D:3:      layout_basic, portal_sewer_entry_f, chequers_ecumenical_altar_lobes
D:4:      layout_loops_cross, minmay_temple_entry_wispy, uniq_natasha
D:5:      layout_loops_corners, serial_shops, shop, first_ration
D:6:      layout_cave_pools, minmay_door_square, kennysheep_flooded_box,
          uniq_prince_ribbit1, uniq_menkaure, uniq_edmund,
          uniq_crazy_yiuf_cottage
Temple:   regret_index_temple_sigil_plot

Skill      XL: |  1  2  3  4  5  6  7 |
---------------+----------------------+-----
Axes           | 3 4 5 6 |  6.3
Fighting       | 3 4 |  4.3
Armour         | 4 5 |  5.2
Shields        | 4 5 |  5.1
Invocations    | 1 2 |  2.8

Action                   |  1- 3 |  4- 6 |  7- 9 || total
-------------------------+-------+-------+-------++-------
Melee: War axe           |    81 |   220 |    82 ||   383
 Abil: Heal Wounds       |     1 |     7 |     3 ||    11
  Use: Scroll            |       |    11 |     1 ||    12
  Eat: Chunk             |       |     1 |     2 ||     3
       Ration            |       |     1 |     1 ||     2
Armor: Scale mail        |    11 |       |       ||    11
       Chain mail        |    60 |   140 |    53 ||   253
Dodge: Dodged            |    15 |    75 |    11 ||   101
Block: Kite shield       |    49 |   173 |    54 ||   276

Table legend:
 A = Non-vault XP
 B = Vault XP
 C = Vault XP percentage of total XP
 D = Non-vault monster count
 E = Vault monster count
 F = Vault count percentage of total count
                 A         B        C        D         E       F
            +---------+---------+-------+---------+---------+-------
      Total |     799 |     432 |  35.1 |      62 |      55 |  47.0
            +---------+---------+-------+---------+---------+-------
        D:1 |       7 |       0 |   0.0 |       3 |       0 |   0.0
        D:2 |      46 |       0 |   0.0 |       7 |       0 |   0.0
        D:3 |      16 |      14 |  46.7 |       8 |       6 |  42.9
        D:4 |     324 |      35 |   9.7 |      24 |       1 |   4.0
        D:5 |     390 |       0 |   0.0 |      18 |       0 |   0.0
        D:6 |      16 |       0 |   0.0 |       2 |       0 |   0.0
      Sewer |       0 |     383 | 100.0 |       0 |      48 | 100.0
            +---------+---------+-------+---------+---------+-------
